[ AOE2 MATCH · #469308937 ]
UnrankedPersians vs Persians
[ REPLAY ANALYSIS · EXTRACTED FROM THE RECORDED GAME ]
Feudal
12:03
Castle
15:47
Imperial
—
| APM avg | 28.7 |
| APM peak | 73 |
| eAPM avg | 20.0 |
| Villagers / military | 132 / 1 |
Focus
⚔️ 6.5% · 🌾 93.5%
Monk ×1
Feudal
10:48
Castle
14:10
Imperial
—
| APM avg | 32.0 |
| APM peak | 96 |
| eAPM avg | 20.0 |
| Villagers / military | 146 / 0 |
Focus
⚔️ 13.1% · 🌾 86.9%
Feudal
12:16
Castle
16:07
Imperial
—
| APM avg | 32.7 |
| APM peak | 78 |
| eAPM avg | 21.0 |
| Villagers / military | 133 / 0 |
Focus
⚔️ 15.6% · 🌾 84.4%
Feudal
12:39
Castle
16:11
Imperial
—
| APM avg | 35.2 |
| APM peak | 96 |
| eAPM avg | 16.9 |
| Villagers / military | 87 / 14 |
Focus
⚔️ 16.8% · 🌾 83.2%
Knight ×12 · Monk ×2
Feudal
11:00
Castle
14:42
Imperial
—
| APM avg | 43.0 |
| APM peak | 72 |
| eAPM avg | 20.2 |
| Villagers / military | 61 / 19 |
Focus
⚔️ 26.2% · 🌾 73.8%
Mangudai ×14 · Battering Ram ×3 · Monk ×1 · Mangonel ×1
Feudal
9:23
Castle
20:41
Imperial
—
| APM avg | 50.3 |
| APM peak | 101 |
| eAPM avg | 22.6 |
| Villagers / military | 51 / 13 |
Focus
⚔️ 24.6% · 🌾 75.4%
Skirmisher ×10 · Militia ×1 · Mangonel ×1 · Spearman ×1
Feudal
10:09
Castle
14:03
Imperial
—
| APM avg | 32.1 |
| APM peak | 70 |
| eAPM avg | 17.7 |
| Villagers / military | 113 / 3 |
Focus
⚔️ 12.9% · 🌾 87.1%
Monk ×3
Feudal
9:53
Castle
13:33
Imperial
—
| APM avg | 34.9 |
| APM peak | 94 |
| eAPM avg | 17.7 |
| Villagers / military | 77 / 20 |
Focus
⚔️ 15.9% · 🌾 84.1%
Archer ×20
Match map
Initial resources + every placement click. Lines = walls · curves = elevation contours. ◆ gold · ⬟ stone · ● berries · ✦ relic · ◌ wall gap
Your base· ✓ Closed at 15:47 · 11t walls · 2 gate(s)
尼玛个蛋's base· ✓ Closed at 14:10 · 0t walls · 3 gate(s)
ImprovingYeti's base· ✓ Closed at 16:07 · 0t walls · 3 gate(s)
韓國魚's base· ✓ Closed at 16:11 · 0t walls · 2 gate(s)
Kaydos's base· ✓ Closed at 14:42 · 7t walls · 2 gate(s)
Massolit's base· ✓ Closed at 20:41 · 0t walls · 3 gate(s)
SharkAoE's base· ✓ Closed at 14:03 · 0t walls · 2 gate(s)
Mozart's base· ✓ Closed at 13:33 · 0t walls · 2 gate(s)
Smoothed initial terrain · ◌ = detected wall gap · hover for details
Inputs per minute
— Flex - - 尼玛个蛋
Build order — Flex
First 150 of 265 actions detected
| 0:03 | Queue | Villager (Male) |
| 0:03 | Queue | Villager (Male) |
| 0:04 | Queue | Villager (Male) |
| 0:06 | Build | House |
| 0:07 | Build | House |
| 0:42 | Queue | Villager (Male) |
| 0:43 | Queue | Villager (Male) |
| 0:43 | Queue | Villager (Male) |
| 1:25 | Queue | Villager (Male) |
| 2:03 | Queue | Villager (Male) |
| 2:04 | Queue | Villager (Male) |
| 2:14 | Build | Lumber Camp |
| 2:22 | Queue | Villager (Male) |
| 2:23 | Queue | Villager (Male) |
| 2:57 | Queue | Villager (Male) |
| 2:57 | Queue | Villager (Male) |
| 3:08 | Queue | Villager (Male) |
| 3:08 | Queue | Villager (Male) |
| 3:41 | Queue | Villager (Male) |
| 3:42 | Queue | Villager (Male) |
| 3:43 | Build | House |
| 3:46 | Build | Mill |
| 4:29 | Queue | Villager (Male) |
| 4:29 | Queue | Villager (Male) |
| 4:29 | Queue | Villager (Male) |
| 4:30 | Queue | Villager (Male) |
| 4:30 | Queue | Villager (Male) |
| 4:30 | Queue | Villager (Male) |
| 4:31 | Queue | Villager (Male) |
| 5:20 | Queue | Villager (Male) |
| 5:20 | Queue | Villager (Male) |
| 5:20 | Queue | Villager (Male) |
| 5:21 | Queue | Villager (Male) |
| 5:49 | Build | House |
| 5:52 | Queue | Villager (Male) |
| 6:08 | Build | Palisade Wall |
| 6:11 | Build | Palisade Wall |
| 6:14 | Queue | Villager (Male) |
| 6:15 | Queue | Villager (Male) |
| 6:22 | Queue | Villager (Male) |
| 6:49 | Build | Palisade Wall |
| 6:50 | Build | Palisade Wall |
| 6:50 | Queue | Villager (Male) |
| 6:51 | Queue | Villager (Male) |
| 6:57 | Build | Lumber Camp |
| 7:31 | Build | Farm |
| 8:07 | Queue | Villager (Male) |
| 8:11 | Build | Farm |
| 8:24 | Queue | Villager (Male) |
| 8:40 | Build | Farm |
| 8:43 | Research | Loom |
| 8:43 | Research | Loom |
| 8:46 | Build | House |
| 8:58 | Queue | Villager (Male) |
| 8:59 | Queue | Villager (Male) |
| 9:19 | Research | Feudal Age |
| 9:28 | Build | Mining Camp |
| 10:03 | Queue | Villager (Male) |
| 10:04 | Queue | Villager (Male) |
| 10:35 | Build | Farm |
| 10:39 | Queue | Villager (Male) |
| 10:54 | Build | Farm |
| 12:03 | Age | Feudal Age |
| 12:22 | Build | Blacksmith |
| 12:26 | Build | Market |
| 12:41 | Build | Farm |
| 12:45 | Build | Farm |
| 12:58 | Queue | Villager (Male) |
| 13:22 | Research | Castle Age |
| 13:22 | Research | Castle Age |
| 13:26 | Research | Double-Bit Axe |
| 13:26 | Research | Double-Bit Axe |
| 13:27 | Research | Horse Collar |
| 13:28 | Research | Horse Collar |
| 13:28 | Research | Horse Collar |
| 13:40 | Build | Farm |
| 13:40 | Build | Farm |
| 14:28 | Queue | Villager (Male) |
| 14:28 | Queue | Villager (Male) |
| 15:47 | Age | Castle Age |
| 15:49 | Build | Town Center |
| 15:52 | Build | House |
| 15:56 | Build | Town Center |
| 16:02 | Queue | Villager (Male) |
| 16:22 | Build | Town Center |
| 16:25 | Queue | Villager (Male) |
| 17:10 | Queue | Villager (Male) |
| 17:13 | Queue | Villager (Male) |
| 17:13 | Queue | Villager (Male) |
| 17:20 | Build | Farm |
| 17:20 | Build | Farm |
| 17:20 | Build | Farm |
| 17:20 | Build | Farm |
| 17:22 | Build | Farm |
| 17:22 | Build | Farm |
| 17:22 | Build | Farm |
| 17:22 | Build | Farm |
| 17:23 | Build | Farm |
| 17:23 | Build | Farm |
| 17:31 | Queue | Villager (Male) |
| 17:31 | Queue | Villager (Male) |
| 17:34 | Queue | Villager (Male) |
| 17:37 | Queue | Villager (Male) |
| 17:38 | Queue | Villager (Male) |
| 17:41 | Build | Farm |
| 17:46 | Queue | Villager (Male) |
| 17:47 | Queue | Villager (Male) |
| 17:48 | Queue | Villager (Male) |
| 17:57 | Queue | Villager (Male) |
| 18:01 | Build | Farm |
| 18:04 | Build | Farm |
| 18:07 | Queue | Villager (Male) |
| 18:09 | Build | Farm |
| 18:14 | Queue | Villager (Male) |
| 18:19 | Build | Farm |
| 18:23 | Build | Farm |
| 18:27 | Queue | Villager (Male) |
| 18:31 | Queue | Villager (Male) |
| 18:32 | Queue | Villager (Male) |
| 18:40 | Build | Farm |
| 18:44 | Build | House |
| 18:48 | Queue | Villager (Male) |
| 18:52 | Build | House |
| 18:53 | Build | House |
| 18:54 | Build | House |
| 18:55 | Build | House |
| 18:58 | Queue | Villager (Male) |
| 19:03 | Queue | Villager (Male) |
| 19:08 | Build | Farm |
| 19:14 | Build | Farm |
| 19:16 | Build | Farm |
| 19:20 | Build | Farm |
| 19:22 | Queue | Villager (Male) |
| 19:23 | Queue | Villager (Male) |
| 19:28 | Queue | Villager (Male) |
| 19:31 | Queue | Villager (Male) |
| 19:31 | Queue | Villager (Male) |
| 19:32 | Queue | Villager (Male) |
| 19:45 | Queue | Villager (Male) |
| 19:45 | Queue | Villager (Male) |
| 19:46 | Queue | Villager (Male) |
| 19:56 | Build | Farm |
| 19:56 | Build | Farm |
| 19:57 | Build | Farm |
| 20:01 | Build | Farm |
| 20:01 | Build | Farm |
| 20:02 | Build | Farm |
| 20:02 | Build | Farm |
| 20:05 | Queue | Villager (Male) |
| 20:06 | Queue | Villager (Male) |
Build order — 尼玛个蛋
First 150 of 275 actions detected
| 0:01 | Queue | Villager (Male) |
| 0:01 | Queue | Villager (Male) |
| 0:01 | Queue | Villager (Male) |
| 0:03 | Build | House |
| 0:05 | Build | House |
| 0:15 | Queue | Villager (Male) |
| 0:15 | Queue | Villager (Male) |
| 0:16 | Queue | Villager (Male) |
| 1:28 | Queue | Villager (Male) |
| 1:28 | Queue | Villager (Male) |
| 1:51 | Build | Lumber Camp |
| 2:05 | Queue | Villager (Male) |
| 2:05 | Queue | Villager (Male) |
| 2:18 | Queue | Villager (Male) |
| 2:47 | Queue | Villager (Male) |
| 2:48 | Queue | Villager (Male) |
| 3:04 | Queue | Villager (Male) |
| 3:04 | Queue | Villager (Male) |
| 3:36 | Queue | Villager (Male) |
| 3:36 | Queue | Villager (Male) |
| 3:36 | Queue | Villager (Male) |
| 3:40 | Build | House |
| 3:44 | Build | House |
| 3:54 | Build | House |
| 3:57 | Queue | Villager (Male) |
| 3:57 | Queue | Villager (Male) |
| 4:21 | Queue | Villager (Male) |
| 4:21 | Queue | Villager (Male) |
| 4:59 | Queue | Villager (Male) |
| 5:31 | Queue | Villager (Male) |
| 5:38 | Build | Mill |
| 5:47 | Queue | Villager (Male) |
| 6:17 | Queue | Villager (Male) |
| 6:44 | Queue | Villager (Male) |
| 6:57 | Build | Farm |
| 7:00 | Build | Farm |
| 7:02 | Build | Farm |
| 7:03 | Queue | Villager (Male) |
| 7:37 | Queue | Villager (Male) |
| 8:02 | Queue | Villager (Male) |
| 8:31 | Build | Mining Camp |
| 8:37 | Research | Feudal Age |
| 8:37 | Research | Feudal Age |
| 8:43 | Build | House |
| 9:32 | Queue | Villager (Male) |
| 9:32 | Queue | Villager (Male) |
| 10:15 | Build | Farm |
| 10:48 | Age | Feudal Age |
| 10:50 | Build | Market |
| 10:55 | Build | Blacksmith |
| 11:45 | Research | Castle Age |
| 11:45 | Research | Castle Age |
| 11:48 | Build | House |
| 12:12 | Research | Double-Bit Axe |
| 12:12 | Research | Double-Bit Axe |
| 12:13 | Research | Double-Bit Axe |
| 12:26 | Research | Horse Collar |
| 12:26 | Research | Horse Collar |
| 12:44 | Build | Farm |
| 12:56 | Queue | Villager (Male) |
| 13:30 | Build | Farm |
| 13:44 | Queue | Villager (Male) |
| 13:52 | Build | Farm |
| 14:10 | Age | Castle Age |
| 14:12 | Build | Town Center |
| 14:15 | Build | Town Center |
| 14:32 | Queue | Villager (Male) |
| 14:46 | Research | Bow Saw |
| 14:46 | Research | Bow Saw |
| 14:53 | Queue | Villager (Male) |
| 15:16 | Build | Farm |
| 15:18 | Queue | Villager (Male) |
| 15:36 | Queue | Villager (Male) |
| 15:41 | Build | Lumber Camp |
| 15:49 | Queue | Villager (Male) |
| 15:55 | Queue | Villager (Male) |
| 15:55 | Queue | Villager (Male) |
| 15:59 | Queue | Villager (Male) |
| 16:02 | Build | Farm |
| 16:04 | Queue | Villager (Male) |
| 16:04 | Queue | Villager (Male) |
| 16:08 | Build | Farm |
| 16:15 | Queue | Villager (Male) |
| 16:19 | Queue | Villager (Male) |
| 16:19 | Queue | Villager (Male) |
| 16:20 | Build | Farm |
| 16:21 | Build | Farm |
| 16:28 | Build | Farm |
| 16:34 | Queue | Villager (Male) |
| 16:34 | Queue | Villager (Male) |
| 16:35 | Queue | Villager (Male) |
| 16:41 | Build | Farm |
| 16:50 | Build | Farm |
| 16:52 | Queue | Villager (Male) |
| 16:53 | Queue | Villager (Male) |
| 16:53 | Queue | Villager (Male) |
| 16:57 | Build | House |
| 17:05 | Queue | Villager (Male) |
| 17:05 | Queue | Villager (Male) |
| 17:08 | Build | Farm |
| 17:11 | Build | Farm |
| 17:26 | Build | Farm |
| 17:27 | Queue | Villager (Male) |
| 17:27 | Queue | Villager (Male) |
| 17:30 | Build | Farm |
| 17:31 | Build | Farm |
| 17:36 | Build | Farm |
| 17:38 | Build | House |
| 17:39 | Queue | Villager (Male) |
| 17:40 | Queue | Villager (Male) |
| 17:40 | Queue | Villager (Male) |
| 17:46 | Queue | Villager (Male) |
| 17:46 | Queue | Villager (Male) |
| 17:59 | Build | Town Center |
| 18:06 | Queue | Villager (Male) |
| 18:06 | Queue | Villager (Male) |
| 18:08 | Build | Farm |
| 18:12 | Build | House |
| 18:27 | Queue | Villager (Male) |
| 18:27 | Queue | Villager (Male) |
| 18:27 | Queue | Villager (Male) |
| 18:28 | Queue | Villager (Male) |
| 18:28 | Queue | Villager (Male) |
| 18:29 | Queue | Villager (Male) |
| 18:29 | Queue | Villager (Male) |
| 18:39 | Build | Farm |
| 18:40 | Build | Farm |
| 18:41 | Build | Farm |
| 18:45 | Build | Farm |
| 18:47 | Queue | Villager (Male) |
| 18:47 | Queue | Villager (Male) |
| 18:51 | Build | House |
| 18:52 | Build | House |
| 18:53 | Build | House |
| 18:54 | Queue | Villager (Male) |
| 18:54 | Queue | Villager (Male) |
| 19:01 | Build | Farm |
| 19:03 | Queue | Villager (Male) |
| 19:16 | Build | Farm |
| 19:18 | Build | Farm |
| 19:20 | Queue | Villager (Male) |
| 19:20 | Queue | Villager (Male) |
| 19:25 | Build | Farm |
| 19:26 | Build | Farm |
| 19:28 | Build | Farm |
| 19:36 | Queue | Villager (Male) |
| 19:36 | Queue | Villager (Male) |
| 19:36 | Queue | Villager (Male) |
| 19:36 | Queue | Villager (Male) |
| 19:39 | Build | Farm |
Build order — ImprovingYeti
First 150 of 238 actions detected
| 0:01 | Queue | Villager (Male) |
| 0:02 | Queue | Villager (Male) |
| 0:03 | Build | House |
| 0:04 | Build | House |
| 0:07 | Queue | Villager (Male) |
| 0:10 | Queue | Villager (Male) |
| 0:10 | Queue | Villager (Male) |
| 1:24 | Queue | Villager (Male) |
| 1:24 | Queue | Villager (Male) |
| 1:45 | Build | Lumber Camp |
| 2:02 | Queue | Villager (Male) |
| 2:03 | Queue | Villager (Male) |
| 2:22 | Queue | Villager (Male) |
| 2:23 | Queue | Villager (Male) |
| 2:45 | Queue | Villager (Male) |
| 2:46 | Queue | Villager (Male) |
| 3:07 | Queue | Villager (Male) |
| 3:07 | Queue | Villager (Male) |
| 3:27 | Queue | Villager (Male) |
| 3:50 | Build | House |
| 3:51 | Build | House |
| 3:52 | Build | House |
| 4:12 | Queue | Villager (Male) |
| 4:13 | Queue | Villager (Male) |
| 4:18 | Queue | Villager (Male) |
| 4:18 | Queue | Villager (Male) |
| 4:41 | Build | Mill |
| 5:06 | Queue | Villager (Male) |
| 5:06 | Queue | Villager (Male) |
| 5:06 | Queue | Villager (Male) |
| 5:20 | Queue | Villager (Male) |
| 5:21 | Queue | Villager (Male) |
| 5:55 | Queue | Villager (Male) |
| 5:55 | Queue | Villager (Male) |
| 6:13 | Build | Mill |
| 6:51 | Queue | Villager (Male) |
| 6:51 | Queue | Villager (Male) |
| 7:00 | Queue | Villager (Male) |
| 7:57 | Queue | Villager (Male) |
| 8:16 | Queue | Villager (Male) |
| 8:31 | Build | Mining Camp |
| 8:34 | Queue | Villager (Male) |
| 8:35 | Queue | Villager (Male) |
| 8:56 | Queue | Villager (Male) |
| 8:57 | Queue | Villager (Male) |
| 9:19 | Research | Feudal Age |
| 9:20 | Research | Feudal Age |
| 10:03 | Build | Mining Camp |
| 10:17 | Queue | Villager (Male) |
| 10:17 | Queue | Villager (Male) |
| 10:26 | Build | Farm |
| 10:28 | Build | Farm |
| 10:31 | Build | Farm |
| 12:16 | Age | Feudal Age |
| 12:18 | Build | Blacksmith |
| 12:21 | Build | Market |
| 13:07 | Queue | Villager (Male) |
| 13:15 | Build | House |
| 13:16 | Build | House |
| 13:26 | Research | Castle Age |
| 14:05 | Research | Double-Bit Axe |
| 14:12 | Research | Horse Collar |
| 14:12 | Research | Horse Collar |
| 16:07 | Age | Castle Age |
| 16:10 | Build | Town Center |
| 16:10 | Queue | Villager (Male) |
| 16:12 | Build | Town Center |
| 16:29 | Build | Castle |
| 16:31 | Queue | Villager (Male) |
| 16:33 | Queue | Villager (Male) |
| 16:41 | Build | Farm |
| 16:51 | Build | Farm |
| 16:59 | Queue | Villager (Male) |
| 17:20 | Build | Farm |
| 17:22 | Queue | Villager (Male) |
| 17:22 | Queue | Villager (Male) |
| 17:32 | Build | Farm |
| 17:46 | Queue | Villager (Male) |
| 17:46 | Research | Loom |
| 17:52 | Build | Farm |
| 17:53 | Queue | Villager (Male) |
| 17:59 | Build | Farm |
| 18:00 | Queue | Villager (Male) |
| 18:13 | Queue | Villager (Male) |
| 18:17 | Build | Farm |
| 18:19 | Build | Farm |
| 18:29 | Build | Farm |
| 18:32 | Build | Farm |
| 18:32 | Queue | Villager (Male) |
| 18:41 | Build | Farm |
| 18:45 | Queue | Villager (Male) |
| 18:45 | Queue | Villager (Male) |
| 18:48 | Build | Farm |
| 18:50 | Build | Farm |
| 18:58 | Build | Farm |
| 19:04 | Queue | Villager (Male) |
| 19:05 | Queue | Villager (Male) |
| 19:14 | Queue | Villager (Male) |
| 19:22 | Build | Farm |
| 19:24 | Build | Farm |
| 19:24 | Queue | Villager (Male) |
| 19:25 | Queue | Villager (Male) |
| 19:27 | Build | Farm |
| 19:36 | Queue | Villager (Male) |
| 19:37 | Queue | Villager (Male) |
| 19:39 | Build | Farm |
| 19:41 | Build | Farm |
| 19:44 | Queue | Villager (Male) |
| 19:45 | Queue | Villager (Male) |
| 19:48 | Build | Farm |
| 19:48 | Queue | Villager (Male) |
| 19:48 | Queue | Villager (Male) |
| 20:04 | Queue | Villager (Male) |
| 20:04 | Queue | Villager (Male) |
| 20:07 | Build | Farm |
| 20:10 | Queue | Villager (Male) |
| 20:14 | Build | Farm |
| 20:14 | Queue | Villager (Male) |
| 20:14 | Queue | Villager (Male) |
| 20:24 | Build | Castle |
| 20:25 | Queue | Villager (Male) |
| 20:25 | Queue | Villager (Male) |
| 20:35 | Queue | Villager (Male) |
| 20:37 | Queue | Villager (Male) |
| 20:37 | Queue | Villager (Male) |
| 20:41 | Build | Farm |
| 20:42 | Queue | Villager (Male) |
| 20:42 | Queue | Villager (Male) |
| 20:47 | Build | Farm |
| 20:53 | Queue | Villager (Male) |
| 20:53 | Queue | Villager (Male) |
| 21:05 | Queue | Villager (Male) |
| 21:05 | Queue | Villager (Male) |
| 21:05 | Queue | Villager (Male) |
| 21:11 | Queue | Villager (Male) |
| 21:14 | Queue | Villager (Male) |
| 21:20 | Build | Farm |
| 21:23 | Build | Farm |
| 21:27 | Build | Farm |
| 21:27 | Queue | Villager (Male) |
| 21:29 | Build | Farm |
| 21:31 | Queue | Villager (Male) |
| 21:31 | Queue | Villager (Male) |
| 21:34 | Queue | Villager (Male) |
| 21:35 | Queue | Villager (Male) |
| 21:39 | Build | Farm |
| 21:42 | Queue | Villager (Male) |
| 21:42 | Queue | Villager (Male) |
| 21:54 | Research | Gold Mining |
| 21:54 | Queue | Villager (Male) |
Build order — 韓國魚
First 150 of 188 actions detected
| 0:02 | Queue | Villager (Male) |
| 0:04 | Build | House |
| 0:09 | Build | House |
| 0:09 | Queue | Villager (Male) |
| 0:09 | Queue | Villager (Male) |
| 0:10 | Queue | Villager (Male) |
| 0:10 | Queue | Villager (Male) |
| 1:25 | Queue | Villager (Male) |
| 1:25 | Queue | Villager (Male) |
| 2:03 | Queue | Villager (Male) |
| 2:12 | Build | Lumber Camp |
| 2:15 | Queue | Villager (Male) |
| 2:15 | Queue | Villager (Male) |
| 2:50 | Queue | Villager (Male) |
| 2:50 | Queue | Villager (Male) |
| 3:03 | Queue | Villager (Male) |
| 3:29 | Queue | Villager (Male) |
| 3:39 | Queue | Villager (Male) |
| 3:39 | Queue | Villager (Male) |
| 3:55 | Build | House |
| 3:57 | Build | House |
| 4:15 | Queue | Villager (Male) |
| 4:15 | Queue | Villager (Male) |
| 4:45 | Build | House |
| 4:46 | Build | House |
| 5:03 | Queue | Villager (Male) |
| 5:26 | Queue | Villager (Male) |
| 5:27 | Queue | Villager (Male) |
| 5:27 | Queue | Villager (Male) |
| 6:05 | Build | Mill |
| 6:07 | Queue | Villager (Male) |
| 6:08 | Queue | Villager (Male) |
| 6:11 | Queue | Villager (Male) |
| 6:46 | Queue | Villager (Male) |
| 6:46 | Queue | Villager (Male) |
| 6:46 | Queue | Villager (Male) |
| 6:47 | Queue | Villager (Male) |
| 7:16 | Build | Farm |
| 7:17 | Build | Mill |
| 7:33 | Queue | Villager (Male) |
| 8:05 | Queue | Villager (Male) |
| 8:19 | Queue | Villager (Male) |
| 9:19 | Build | Farm |
| 9:30 | Build | Mining Camp |
| 10:29 | Research | Feudal Age |
| 10:32 | Queue | Villager (Male) |
| 10:32 | Queue | Villager (Male) |
| 11:02 | Build | Farm |
| 11:03 | Build | Farm |
| 12:23 | Build | House |
| 12:39 | Age | Feudal Age |
| 12:42 | Build | Market |
| 12:44 | Build | Blacksmith |
| 13:31 | Research | Castle Age |
| 13:31 | Research | Castle Age |
| 13:34 | Research | Horse Collar |
| 13:51 | Research | Double-Bit Axe |
| 14:35 | Build | Farm |
| 14:43 | Queue | Villager (Male) |
| 15:23 | Build | Farm |
| 15:24 | Build | Farm |
| 15:25 | Build | Farm |
| 16:11 | Age | Castle Age |
| 16:13 | Build | Town Center |
| 16:22 | Research | Bow Saw |
| 16:22 | Research | Bow Saw |
| 16:31 | Build | Monastery |
| 16:42 | Build | Town Center |
| 16:49 | Build | Farm |
| 16:53 | Research | Heavy Plow |
| 16:57 | Queue | Villager (Male) |
| 17:12 | Build | Farm |
| 17:13 | Build | Farm |
| 17:14 | Build | Farm |
| 17:18 | Build | House |
| 17:19 | Build | House |
| 17:20 | Build | House |
| 17:22 | Queue | Villager (Male) |
| 17:23 | Queue | Villager (Male) |
| 17:23 | Queue | Villager (Male) |
| 17:24 | Queue | Villager (Male) |
| 17:29 | Queue | Monk |
| 17:40 | Build | House |
| 17:41 | Build | House |
| 17:42 | Build | House |
| 17:46 | Queue | Villager (Male) |
| 17:46 | Queue | Villager (Male) |
| 17:47 | Queue | Villager (Male) |
| 17:59 | Queue | Villager (Male) |
| 18:00 | Queue | Villager (Male) |
| 18:07 | Build | Farm |
| 18:26 | Build | Farm |
| 18:27 | Build | Farm |
| 18:30 | Build | Farm |
| 18:36 | Research | Wheelbarrow |
| 18:36 | Research | Wheelbarrow |
| 18:57 | Queue | Monk |
| 19:08 | Queue | Villager (Male) |
| 19:10 | Queue | Villager (Male) |
| 19:17 | Build | Farm |
| 19:18 | Build | Farm |
| 19:18 | Build | Farm |
| 19:20 | Build | Mill |
| 19:22 | Build | Farm |
| 19:23 | Build | Farm |
| 19:24 | Build | Farm |
| 19:27 | Queue | Villager (Male) |
| 19:28 | Queue | Villager (Male) |
| 19:30 | Queue | Villager (Male) |
| 19:38 | Build | Farm |
| 19:39 | Build | Farm |
| 19:47 | Queue | Villager (Male) |
| 19:49 | Queue | Villager (Male) |
| 20:02 | Queue | Villager (Male) |
| 20:10 | Build | Farm |
| 20:16 | Build | House |
| 20:17 | Build | House |
| 20:21 | Queue | Villager (Male) |
| 20:22 | Queue | Villager (Male) |
| 20:22 | Queue | Villager (Male) |
| 20:32 | Queue | Villager (Male) |
| 20:34 | Queue | Villager (Male) |
| 20:35 | Queue | Villager (Male) |
| 20:36 | Queue | Villager (Male) |
| 20:40 | Queue | Villager (Male) |
| 20:42 | Queue | Villager (Male) |
| 20:52 | Build | Farm |
| 20:53 | Build | Farm |
| 21:02 | Build | Farm |
| 21:09 | Build | Farm |
| 21:10 | Build | Mill |
| 21:21 | Build | House |
| 21:22 | Build | House |
| 21:26 | Build | Farm |
| 21:27 | Build | Farm |
| 21:32 | Queue | Villager (Male) |
| 21:32 | Queue | Villager (Male) |
| 21:33 | Queue | Villager (Male) |
| 21:33 | Queue | Villager (Male) |
| 21:34 | Queue | Villager (Male) |
| 21:34 | Queue | Villager (Male) |
| 21:34 | Queue | Villager (Male) |
| 21:34 | Queue | Villager (Male) |
| 21:54 | Build | Farm |
| 21:56 | Build | Farm |
| 22:02 | Queue | Villager (Male) |
| 22:02 | Queue | Villager (Male) |
| 22:04 | Research | Scale Barding Armor |
| 22:05 | Research | Forging |
| 22:06 | Research | Forging |
Build order — Kaydos
130 actions detected in the replay
| 0:01 | Queue | Villager (Male) |
| 0:02 | Queue | Villager (Male) |
| 0:03 | Build | House |
| 0:05 | Build | House |
| 0:32 | Queue | Villager (Male) |
| 0:32 | Queue | Villager (Male) |
| 1:42 | Queue | Villager (Male) |
| 1:42 | Queue | Villager (Male) |
| 2:02 | Queue | Villager (Male) |
| 2:03 | Queue | Villager (Male) |
| 2:21 | Build | Lumber Camp |
| 2:24 | Queue | Villager (Male) |
| 2:24 | Queue | Villager (Male) |
| 2:55 | Queue | Villager (Male) |
| 3:20 | Queue | Villager (Male) |
| 3:38 | Queue | Villager (Male) |
| 3:50 | Build | House |
| 3:55 | Queue | Villager (Male) |
| 4:25 | Queue | Villager (Male) |
| 4:31 | Build | Mill |
| 4:56 | Queue | Villager (Male) |
| 5:04 | Build | Mill |
| 5:10 | Queue | Villager (Male) |
| 5:33 | Build | House |
| 5:44 | Queue | Villager (Male) |
| 6:04 | Queue | Villager (Male) |
| 6:11 | Build | House |
| 6:45 | Queue | Villager (Male) |
| 7:02 | Build | Lumber Camp |
| 7:06 | Queue | Villager (Male) |
| 7:32 | Queue | Villager (Male) |
| 7:59 | Queue | Villager (Male) |
| 8:21 | Queue | Villager (Male) |
| 8:36 | Build | Mining Camp |
| 8:45 | Research | Feudal Age |
| 8:48 | Build | Mining Camp |
| 9:39 | Build | Palisade Wall |
| 10:01 | Build | Palisade Wall |
| 10:18 | Build | Farm |
| 10:21 | Build | Farm |
| 10:31 | Queue | Villager (Male) |
| 10:50 | Queue | Villager (Male) |
| 11:00 | Age | Feudal Age |
| 11:05 | Build | Market |
| 11:07 | Build | Blacksmith |
| 11:40 | Build | House |
| 12:02 | Research | Castle Age |
| 13:17 | Build | House |
| 13:21 | Build | Palisade Wall |
| 14:00 | Queue | Villager (Male) |
| 14:42 | Age | Castle Age |
| 14:47 | Build | Castle |
| 15:00 | Build | Monastery |
| 15:03 | Queue | Villager (Male) |
| 15:04 | Research | Double-Bit Axe |
| 15:05 | Research | Horse Collar |
| 15:29 | Queue | Villager (Male) |
| 15:30 | Build | Farm |
| 15:35 | Build | Farm |
| 15:37 | Build | Farm |
| 15:39 | Queue | Mangudai |
| 15:59 | Queue | Villager (Male) |
| 16:02 | Queue | Monk |
| 16:31 | Queue | Villager (Male) |
| 16:41 | Build | Siege Workshop |
| 16:56 | Queue | Villager (Male) |
| 17:03 | Build | Farm |
| 17:17 | Queue | Villager (Male) |
| 17:18 | Build | Farm |
| 17:29 | Queue | Mangudai |
| 17:38 | Queue | Villager (Male) |
| 18:01 | Queue | Villager (Male) |
| 18:16 | Build | Farm |
| 18:21 | Queue | Mangudai |
| 18:23 | Queue | Battering Ram |
| 18:25 | Build | House |
| 18:33 | Queue | Villager (Male) |
| 18:35 | Build | Stone Wall |
| 18:42 | Build | Farm |
| 18:45 | Queue | Mangudai |
| 18:51 | Build | Outpost |
| 18:59 | Queue | Mangonel |
| 19:04 | Queue | Villager (Male) |
| 19:06 | Build | Farm |
| 19:13 | Research | Fletching |
| 19:42 | Research | Loom |
| 19:44 | Build | Farm |
| 19:45 | Queue | Villager (Male) |
| 19:45 | Queue | Villager (Male) |
| 19:59 | Queue | Battering Ram |
| 20:02 | Queue | Villager (Male) |
| 20:02 | Queue | Villager (Male) |
| 20:12 | Queue | Mangudai |
| 20:31 | Queue | Villager (Male) |
| 20:31 | Queue | Villager (Male) |
| 20:48 | Queue | Villager (Male) |
| 20:51 | Queue | Battering Ram |
| 21:08 | Queue | Mangudai |
| 21:23 | Queue | Mangudai |
| 21:24 | Queue | Villager (Male) |
| 21:24 | Queue | Villager (Male) |
| 21:36 | Queue | Mangudai |
| 21:37 | Queue | Villager (Male) |
| 21:48 | Queue | Villager (Male) |
| 21:48 | Queue | Villager (Male) |
| 22:09 | Queue | Mangudai |
| 22:10 | Queue | Villager (Male) |
| 22:10 | Queue | Villager (Male) |
| 22:14 | Research | Bodkin Arrow |
| 22:32 | Queue | Villager (Male) |
| 22:32 | Queue | Villager (Male) |
| 22:36 | Queue | Mangudai |
| 22:48 | Build | Mining Camp |
| 22:58 | Queue | Mangudai |
| 22:59 | Queue | Villager (Male) |
| 23:36 | Queue | Mangudai |
| 23:37 | Queue | Mangudai |
| 23:37 | Queue | Villager (Male) |
| 23:38 | Queue | Villager (Male) |
| 23:49 | Queue | Mangudai |
| 23:50 | Queue | Villager (Male) |
| 23:50 | Queue | Villager (Male) |
| 24:07 | Build | Town Center |
| 24:09 | Queue | Villager (Male) |
| 24:09 | Queue | Villager (Male) |
| 24:10 | Queue | Villager (Male) |
| 24:55 | Build | House |
| 24:55 | Build | House |
| 24:56 | Build | House |
| 24:56 | Build | House |
Build order — Massolit
125 actions detected in the replay
| 0:01 | Queue | Villager (Male) |
| 0:01 | Queue | Villager (Male) |
| 0:02 | Queue | Villager (Male) |
| 0:02 | Queue | Villager (Male) |
| 0:04 | Build | House |
| 0:05 | Build | House |
| 1:38 | Queue | Villager (Male) |
| 1:39 | Queue | Villager (Male) |
| 2:01 | Queue | Villager (Male) |
| 2:01 | Queue | Villager (Male) |
| 2:10 | Build | Lumber Camp |
| 2:29 | Queue | Villager (Male) |
| 2:30 | Queue | Villager (Male) |
| 2:56 | Queue | Villager (Male) |
| 2:56 | Queue | Villager (Male) |
| 3:17 | Queue | Villager (Male) |
| 3:17 | Queue | Villager (Male) |
| 3:34 | Build | House |
| 3:53 | Queue | Villager (Male) |
| 3:53 | Queue | Villager (Male) |
| 4:12 | Build | House |
| 4:22 | Queue | Villager (Male) |
| 4:42 | Build | Mill |
| 5:04 | Queue | Villager (Male) |
| 5:04 | Queue | Villager (Male) |
| 5:27 | Queue | Villager (Male) |
| 5:27 | Queue | Villager (Male) |
| 5:36 | Queue | Villager (Male) |
| 5:37 | Queue | Villager (Male) |
| 5:47 | Queue | Villager (Male) |
| 5:59 | Queue | Villager (Male) |
| 5:59 | Queue | Villager (Male) |
| 6:15 | Queue | Villager (Male) |
| 6:29 | Queue | Villager (Male) |
| 6:29 | Queue | Villager (Male) |
| 6:34 | Research | Loom |
| 7:11 | Research | Feudal Age |
| 7:11 | Research | Feudal Age |
| 7:17 | Build | Mining Camp |
| 7:36 | Build | Mill |
| 8:27 | Build | House |
| 8:55 | Queue | Villager (Male) |
| 8:55 | Queue | Villager (Male) |
| 9:23 | Age | Feudal Age |
| 9:26 | Build | Watch Tower |
| 9:29 | Queue | Villager (Male) |
| 9:30 | Research | Double-Bit Axe |
| 9:30 | Research | Double-Bit Axe |
| 9:46 | Build | Blacksmith |
| 10:27 | Queue | Villager (Male) |
| 10:37 | Build | Farm |
| 10:40 | Research | Fletching |
| 10:40 | Research | Fletching |
| 10:54 | Queue | Villager (Male) |
| 11:07 | Build | Farm |
| 11:10 | Queue | Villager (Male) |
| 11:38 | Build | Watch Tower |
| 11:45 | Queue | Villager (Male) |
| 11:50 | Build | Farm |
| 11:50 | Build | Farm |
| 11:51 | Queue | Villager (Male) |
| 12:20 | Queue | Villager (Male) |
| 12:25 | Build | Farm |
| 12:28 | Build | Farm |
| 12:46 | Build | Farm |
| 12:55 | Build | House |
| 12:56 | Build | House |
| 12:59 | Queue | Villager (Male) |
| 13:04 | Build | House |
| 13:10 | Build | Farm |
| 13:18 | Queue | Villager (Male) |
| 13:43 | Queue | Villager (Male) |
| 13:50 | Build | Farm |
| 13:57 | Build | Mining Camp |
| 14:03 | Queue | Villager (Male) |
| 14:06 | Build | Farm |
| 14:19 | Build | Farm |
| 14:21 | Queue | Villager (Male) |
| 14:25 | Queue | Villager (Male) |
| 14:27 | Build | Farm |
| 14:40 | Queue | Villager (Male) |
| 15:06 | Queue | Villager (Male) |
| 15:10 | Build | Farm |
| 15:48 | Queue | Villager (Male) |
| 15:56 | Build | House |
| 16:00 | Build | House |
| 16:18 | Queue | Villager (Male) |
| 16:26 | Build | Barracks |
| 16:32 | Build | Farm |
| 16:51 | Build | House |
| 16:52 | Build | House |
| 17:11 | Queue | Villager (Male) |
| 17:24 | Build | Archery Range |
| 17:29 | Queue | Villager (Male) |
| 17:46 | Research | Horse Collar |
| 18:01 | Research | Castle Age |
| 18:01 | Research | Castle Age |
| 18:02 | Queue | Skirmisher |
| 18:02 | Queue | Skirmisher |
| 18:16 | Build | Archery Range |
| 18:18 | Queue | Skirmisher |
| 18:18 | Queue | Skirmisher |
| 18:20 | Research | Padded Archer Armor |
| 18:21 | Research | Padded Archer Armor |
| 18:37 | Research | Stone Mining |
| 18:54 | Queue | Skirmisher |
| 19:11 | Queue | Skirmisher |
| 19:25 | Queue | Militia |
| 19:27 | Queue | Spearman |
| 19:31 | Queue | Skirmisher |
| 19:32 | Queue | Skirmisher |
| 19:45 | Queue | Skirmisher |
| 19:58 | Build | House |
| 20:05 | Queue | Skirmisher |
| 20:41 | Age | Castle Age |
| 20:46 | Queue | Villager (Male) |
| 21:15 | Build | Castle |
| 21:23 | Build | House |
| 21:26 | Build | House |
| 21:28 | Build | Farm |
| 21:28 | Build | Farm |
| 22:14 | Build | Siege Workshop |
| 22:32 | Queue | Mangonel |
| 22:48 | Build | Farm |
| 23:49 | Build | Market |
Build order — SharkAoE
First 150 of 198 actions detected
| 0:00 | Queue | Villager (Male) |
| 0:01 | Queue | Villager (Male) |
| 0:01 | Queue | Villager (Male) |
| 0:02 | Build | House |
| 0:03 | Build | House |
| 0:05 | Queue | Villager (Male) |
| 0:06 | Queue | Villager (Male) |
| 1:34 | Queue | Villager (Male) |
| 1:34 | Queue | Villager (Male) |
| 1:39 | Build | Lumber Camp |
| 2:00 | Queue | Villager (Male) |
| 2:24 | Queue | Villager (Male) |
| 2:24 | Queue | Villager (Male) |
| 2:49 | Queue | Villager (Male) |
| 2:50 | Queue | Villager (Male) |
| 3:20 | Queue | Villager (Male) |
| 3:20 | Queue | Villager (Male) |
| 3:26 | Build | House |
| 3:26 | Build | House |
| 3:45 | Queue | Villager (Male) |
| 3:46 | Queue | Villager (Male) |
| 4:08 | Queue | Villager (Male) |
| 4:08 | Queue | Villager (Male) |
| 4:27 | Queue | Villager (Male) |
| 4:27 | Queue | Villager (Male) |
| 4:43 | Build | Mill |
| 4:54 | Queue | Villager (Male) |
| 4:55 | Queue | Villager (Male) |
| 5:38 | Queue | Villager (Male) |
| 5:40 | Build | Mill |
| 5:41 | Queue | Villager (Male) |
| 6:16 | Queue | Villager (Male) |
| 6:49 | Queue | Villager (Male) |
| 7:20 | Queue | Villager (Male) |
| 7:40 | Queue | Villager (Male) |
| 7:59 | Research | Feudal Age |
| 8:04 | Build | Mining Camp |
| 8:36 | Build | Farm |
| 8:38 | Build | Farm |
| 9:59 | Queue | Villager (Male) |
| 9:59 | Queue | Villager (Male) |
| 10:09 | Age | Feudal Age |
| 10:11 | Build | Market |
| 10:18 | Build | Blacksmith |
| 10:51 | Queue | Villager (Male) |
| 11:23 | Research | Castle Age |
| 11:23 | Research | Castle Age |
| 11:28 | Research | Double-Bit Axe |
| 12:33 | Research | Horse Collar |
| 13:44 | Build | House |
| 14:03 | Age | Castle Age |
| 14:04 | Build | Town Center |
| 14:05 | Build | Town Center |
| 14:06 | Queue | Villager (Male) |
| 14:06 | Queue | Villager (Male) |
| 14:11 | Build | Monastery |
| 14:17 | Build | Farm |
| 14:24 | Build | Farm |
| 14:36 | Build | Farm |
| 14:38 | Queue | Villager (Male) |
| 14:56 | Queue | Villager (Male) |
| 15:02 | Queue | Monk |
| 15:04 | Build | Farm |
| 15:09 | Queue | Villager (Male) |
| 15:14 | Build | Farm |
| 15:21 | Queue | Villager (Male) |
| 15:22 | Queue | Villager (Male) |
| 15:28 | Build | Farm |
| 15:36 | Queue | Villager (Male) |
| 15:38 | Queue | Villager (Male) |
| 15:40 | Queue | Villager (Male) |
| 15:52 | Build | Farm |
| 16:00 | Queue | Villager (Male) |
| 16:00 | Queue | Villager (Male) |
| 16:01 | Queue | Villager (Male) |
| 16:10 | Build | Farm |
| 16:13 | Build | Farm |
| 16:21 | Queue | Villager (Male) |
| 16:34 | Build | Farm |
| 16:37 | Build | Farm |
| 16:39 | Queue | Villager (Male) |
| 16:42 | Queue | Monk |
| 16:52 | Queue | Villager (Male) |
| 16:53 | Queue | Villager (Male) |
| 16:55 | Build | Farm |
| 16:56 | Build | House |
| 16:59 | Build | Farm |
| 17:09 | Queue | Villager (Male) |
| 17:12 | Build | Farm |
| 17:15 | Queue | Villager (Male) |
| 17:17 | Build | House |
| 17:20 | Build | House |
| 17:24 | Queue | Villager (Male) |
| 17:44 | Queue | Villager (Male) |
| 17:45 | Queue | Villager (Male) |
| 17:51 | Queue | Villager (Male) |
| 17:52 | Queue | Villager (Male) |
| 17:56 | Build | Farm |
| 17:57 | Build | Farm |
| 17:59 | Build | Farm |
| 18:01 | Build | Farm |
| 18:02 | Queue | Villager (Male) |
| 18:02 | Queue | Villager (Male) |
| 18:05 | Build | Farm |
| 18:06 | Build | Farm |
| 18:07 | Build | Farm |
| 18:12 | Queue | Villager (Male) |
| 18:20 | Queue | Villager (Male) |
| 18:20 | Queue | Villager (Male) |
| 18:23 | Build | Farm |
| 18:31 | Build | Farm |
| 18:33 | Queue | Villager (Male) |
| 18:34 | Queue | Villager (Male) |
| 18:38 | Queue | Monk |
| 18:40 | Build | Farm |
| 18:41 | Build | House |
| 18:43 | Queue | Villager (Male) |
| 18:57 | Queue | Villager (Male) |
| 19:08 | Queue | Villager (Male) |
| 19:08 | Queue | Villager (Male) |
| 19:09 | Queue | Villager (Male) |
| 19:11 | Build | Farm |
| 19:13 | Build | Farm |
| 19:17 | Queue | Villager (Male) |
| 19:18 | Queue | Villager (Male) |
| 19:23 | Queue | Villager (Male) |
| 19:25 | Build | Farm |
| 19:30 | Build | Farm |
| 19:30 | Build | House |
| 19:35 | Queue | Villager (Male) |
| 19:36 | Queue | Villager (Male) |
| 19:48 | Queue | Villager (Male) |
| 19:49 | Queue | Villager (Male) |
| 19:50 | Build | Farm |
| 19:51 | Build | House |
| 19:56 | Build | Farm |
| 19:57 | Build | House |
| 19:58 | Queue | Villager (Male) |
| 19:59 | Queue | Villager (Male) |
| 20:06 | Build | House |
| 20:07 | Build | House |
| 20:16 | Build | House |
| 20:17 | Build | House |
| 20:18 | Queue | Villager (Male) |
| 20:19 | Queue | Villager (Male) |
| 20:19 | Queue | Villager (Male) |
| 20:35 | Queue | Villager (Male) |
| 20:35 | Queue | Villager (Male) |
| 20:40 | Build | Town Center |
| 20:58 | Queue | Villager (Male) |
Build order — Mozart
First 150 of 187 actions detected
| 0:01 | Queue | Villager (Male) |
| 0:01 | Queue | Villager (Male) |
| 0:01 | Queue | Villager (Male) |
| 0:02 | Build | House |
| 0:04 | Build | House |
| 0:24 | Queue | Villager (Male) |
| 1:34 | Queue | Villager (Male) |
| 1:55 | Build | Lumber Camp |
| 1:58 | Queue | Villager (Male) |
| 2:17 | Queue | Villager (Male) |
| 2:50 | Queue | Villager (Male) |
| 2:59 | Build | House |
| 3:13 | Queue | Villager (Male) |
| 3:34 | Queue | Villager (Male) |
| 4:09 | Queue | Villager (Male) |
| 4:16 | Build | Mill |
| 4:31 | Build | House |
| 4:36 | Queue | Villager (Male) |
| 4:48 | Queue | Villager (Male) |
| 4:49 | Queue | Villager (Male) |
| 5:30 | Queue | Villager (Male) |
| 5:31 | Queue | Villager (Male) |
| 6:19 | Queue | Villager (Male) |
| 6:35 | Queue | Villager (Male) |
| 7:43 | Research | Feudal Age |
| 7:43 | Research | Feudal Age |
| 8:37 | Queue | Villager (Male) |
| 8:37 | Queue | Villager (Male) |
| 9:53 | Age | Feudal Age |
| 9:59 | Build | Market |
| 10:04 | Build | Blacksmith |
| 10:54 | Research | Castle Age |
| 11:25 | Research | Double-Bit Axe |
| 11:25 | Research | Double-Bit Axe |
| 12:04 | Build | Farm |
| 12:08 | Build | Farm |
| 12:10 | Build | Farm |
| 12:15 | Build | Farm |
| 13:15 | Queue | Villager (Male) |
| 13:33 | Age | Castle Age |
| 13:39 | Build | Town Center |
| 13:49 | Build | Town Center |
| 13:52 | Queue | Villager (Male) |
| 14:12 | Research | Bow Saw |
| 14:14 | Queue | Villager (Male) |
| 14:31 | Research | Town Watch |
| 14:32 | Research | Loom |
| 14:36 | Build | Outpost |
| 14:43 | Queue | Villager (Male) |
| 14:44 | Queue | Villager (Male) |
| 14:47 | Build | Farm |
| 15:09 | Build | House |
| 15:10 | Build | House |
| 15:11 | Queue | Villager (Male) |
| 15:12 | Queue | Villager (Male) |
| 15:18 | Build | Outpost |
| 15:20 | Queue | Villager (Male) |
| 15:30 | Build | Farm |
| 15:31 | Build | Farm |
| 15:33 | Research | Horse Collar |
| 15:40 | Build | Farm |
| 15:50 | Build | Farm |
| 15:52 | Queue | Villager (Male) |
| 15:59 | Build | House |
| 16:05 | Build | Outpost |
| 16:06 | Build | Palisade Wall |
| 16:09 | Build | Palisade Wall |
| 16:09 | Build | Palisade Wall |
| 16:10 | Build | Palisade Wall |
| 16:10 | Build | Palisade Wall |
| 16:15 | Build | Farm |
| 16:15 | Queue | Villager (Male) |
| 16:18 | Build | Farm |
| 16:22 | Build | Farm |
| 16:26 | Build | Farm |
| 16:30 | Build | Farm |
| 16:38 | Queue | Villager (Male) |
| 16:43 | Build | House |
| 16:44 | Queue | Villager (Male) |
| 16:56 | Build | Farm |
| 16:58 | Build | Farm |
| 17:00 | Build | Farm |
| 17:08 | Queue | Villager (Male) |
| 17:13 | Build | Farm |
| 17:14 | Queue | Villager (Male) |
| 17:27 | Build | House |
| 17:29 | Queue | Villager (Male) |
| 17:35 | Build | Outpost |
| 17:40 | Build | Farm |
| 17:41 | Build | Farm |
| 17:43 | Build | Farm |
| 17:47 | Queue | Villager (Male) |
| 17:47 | Queue | Villager (Male) |
| 17:51 | Build | Farm |
| 17:55 | Queue | Villager (Male) |
| 18:02 | Build | House |
| 18:14 | Queue | Villager (Male) |
| 18:14 | Queue | Villager (Male) |
| 18:17 | Build | Outpost |
| 18:22 | Queue | Villager (Male) |
| 18:27 | Build | Barracks |
| 18:35 | Queue | Villager (Male) |
| 18:36 | Queue | Villager (Male) |
| 18:47 | Queue | Villager (Male) |
| 18:53 | Build | Mining Camp |
| 18:56 | Queue | Villager (Male) |
| 19:01 | Queue | Villager (Male) |
| 19:12 | Queue | Villager (Male) |
| 19:13 | Queue | Villager (Male) |
| 19:14 | Queue | Villager (Male) |
| 19:25 | Build | Archery Range |
| 19:27 | Queue | Villager (Male) |
| 19:35 | Queue | Villager (Male) |
| 19:42 | Build | Archery Range |
| 19:50 | Research | Fletching |
| 19:55 | Queue | Villager (Male) |
| 19:55 | Queue | Villager (Male) |
| 20:08 | Research | Gold Mining |
| 20:16 | Build | Farm |
| 20:17 | Build | Farm |
| 20:17 | Build | Farm |
| 20:18 | Queue | Villager (Male) |
| 20:33 | Build | Outpost |
| 20:34 | Queue | Villager (Male) |
| 20:36 | Queue | Archer |
| 20:36 | Queue | Archer |
| 20:40 | Build | Mining Camp |
| 20:44 | Queue | Villager (Male) |
| 20:45 | Queue | Archer |
| 21:01 | Queue | Villager (Male) |
| 21:09 | Build | Archery Range |
| 21:11 | Queue | Villager (Male) |
| 21:11 | Queue | Archer |
| 21:21 | Research | Wheelbarrow |
| 21:23 | Queue | Villager (Male) |
| 21:25 | Queue | Archer |
| 21:34 | Build | Outpost |
| 21:36 | Queue | Villager (Male) |
| 21:42 | Build | House |
| 21:47 | Build | House |
| 21:49 | Build | House |
| 21:53 | Build | House |
| 21:54 | Build | House |
| 21:55 | Queue | Villager (Male) |
| 21:55 | Queue | Archer |
| 21:55 | Queue | Archer |
| 22:07 | Research | Crossbowman (upgrade) |
| 22:15 | Queue | Villager (Male) |
| 22:37 | Queue | Villager (Male) |
| 22:37 | Queue | Villager (Male) |
Match timeline
| 6:08 | Flex · wall_segment Palisade Wall x4 |
| 6:11 | Flex · wall_segment Palisade Wall x6 |
| 6:49 | Flex · wall_segment Palisade Wall x1 |
| 6:50 | Flex · wall_segment Palisade Wall x1 |
| 9:23 | Massolit · age_up feudal |
| 9:39 | Kaydos · wall_segment Palisade Wall x6 |
| 9:53 | Mozart · age_up feudal |
| 10:01 | Kaydos · wall_segment Palisade Wall x1 |
| 10:09 | SharkAoE · age_up feudal |
| 10:48 | 尼玛个蛋 · age_up feudal |
| 11:00 | Kaydos · age_up feudal |
| 11:08 | SharkAoE · first_market_sell 100 stone |
| 12:02 | Kaydos · first_market_sell 100 wood |
| 12:03 | Flex · age_up feudal |
| 12:16 | ImprovingYeti · age_up feudal |
| 12:39 | 韓國魚 · age_up feudal |
| 13:21 | Kaydos · wall_segment Palisade Wall x1 |
| 13:33 | Mozart · age_up castle |
| 14:03 | SharkAoE · age_up castle |
| 14:10 | 尼玛个蛋 · age_up castle |
| 14:11 | SharkAoE · first_building Monastery |
| 14:30 | Kaydos · first_market_buy 100 stone |
| 14:42 | Kaydos · age_up castle |
| 14:47 | Kaydos · first_building Castle |
| 15:00 | Kaydos · first_building Monastery |
| 15:35 | Flex · first_market_buy 100 stone |
| 15:47 | Flex · age_up castle |
| 16:06 | Mozart · wall_segment Palisade Wall x1 |
| 16:07 | ImprovingYeti · age_up castle |
| 16:09 | Mozart · wall_segment Palisade Wall x1 |
| 16:09 | Mozart · wall_segment Palisade Wall x1 |
| 16:10 | Mozart · wall_segment Palisade Wall x1 |
| 16:10 | Mozart · wall_segment Palisade Wall x1 |
| 16:11 | 韓國魚 · age_up castle |
| 16:26 | Massolit · first_building Barracks |
| 16:29 | ImprovingYeti · first_building Castle |
| 16:31 | 韓國魚 · first_building Monastery |
| 16:41 | Kaydos · first_building Siege Workshop |
| 17:24 | Massolit · first_building Archery Range |
| 17:48 | 尼玛个蛋 · first_market_buy 100 stone |
| 18:27 | Mozart · first_building Barracks |
| 18:35 | Kaydos · wall_segment Stone Wall x1 |
| 19:25 | Mozart · first_building Archery Range |
| 20:30 | SharkAoE · first_market_buy 100 wood |
| 20:41 | Massolit · age_up castle |
| 21:09 | Flex · first_building Monastery |
| 21:15 | Massolit · first_building Castle |
| 22:09 | 韓國魚 · first_building Barracks |
| 22:14 | Massolit · first_building Siege Workshop |
| 22:50 | 韓國魚 · first_building Stable |
| 24:15 | 尼玛个蛋 · first_building Monastery |
| 24:38 | Mozart · first_building Siege Workshop |
| 24:52 | SharkAoE · first_building Castle |
| 24:53 | Massolit · resign |
[ AI ANALYSIS · 1 CREDIT ]
What really happened in this match?
Wolo.gg analyzes every decision: build order, eco, micro, common mistakes by bracket. Personalized analysis on WhatsApp or Discord in 30 seconds.
Civ guide
Persians
Perfil
Flex